 Dungeon Crawl Stone Soup version 0.30-a0-965-g42e074c17a (webtiles) character file.

Game seed: 9509796738380646463

1108 cforsyth the Basher (level 8, -7/65 HPs)
             Began as a Formicid Fighter on Mar 31, 2023.
             Killed from afar by a steam dragon (19 damage)
             ... with a ball of steam
             ... on level 6 of the Dungeon.
             The game lasted 00:06:01 (5889 turns).

cforsyth the Basher (Formicid Fighter)              Turns: 5889, Time: 00:06:02

Health: -7/65      AC: 10    Str: 23    XL:     8   Next: 59%
Magic:  8/8        EV:  9    Int:  8    God:
Gold:   246        SH:  5    Dex: 13    Spells: 7/7 levels left

rFire   . . .      SeeInvis +    a - +0 flail
rCold   . . .      Faith    .    c - +0 buckler
rNeg    + . .      Spirit   .    b - +0 scale mail
rPois   .          Reflect  .    (helmet unavailable)
rElec   .          Rampage  .    i - scarf {repulsion}
rCorr   .                        I - +0 pair of gloves
Will    +....                    F - +1 pair of boots Stlth
                                 n - amulet of magic regeneration
HPRegen 0.30/turn                r - ring of positive energy
MPRegen 0.51/turn                k - ring of willpower

@: lethally poisoned (-7 -> -9), repel missiles
A: permanent stasis, dig shafts and tunnels, antennae 3, four strong arms
a: Dig, Shaft Self


You were on level 6 of the Dungeon.
You visited 1 branch of the dungeon, and saw 6 of its levels.

You collected 246 gold pieces.

Inventory:

Hand Weapons
 a - a +0 flail (weapon)
Armour
 b - a +0 scale mail (worn)
 c - a +0 buckler (worn)
 i - a scarf of repulsion (worn)
 F - a +1 pair of boots (worn)
 I - a +0 pair of gloves (worn)
Jewellery
 g - a ring of ice
 k - a ring of willpower (right hand)
 l - a +6 ring of dexterity
 n - an amulet of magic regeneration (around neck)
 r - a ring of positive energy (left hand)
 v - a ring of protection from cold
 y - a ring of flight
 E - a ring of fire
 H - a ring of resist corrosion
Scrolls
 f - 5 scrolls of identify
 h - 4 scrolls of teleportation {unknown}
 j - 2 scrolls of silence {unknown}
 m - 2 scrolls of torment {unknown}
 o - a scroll of poison {unknown}
 w - 2 scrolls of fear {unknown}
 z - a scroll of vulnerability {unknown}
 A - a scroll of brand weapon {unknown}
 J - a scroll of blinking {unknown}
Potions
 d - 2 potions of might
 e - 2 potions of ambrosia {unknown}
 p - a potion of degeneration {unknown}
 q - 2 potions of mutation {unknown}
 s - 3 potions of attraction {unknown}
 t - 3 potions of resistance
 u - a potion of lignification {unknown}
 x - 2 potions of curing {unknown}
 B - a potion of flight {unknown}
 C - a potion of invisibility {unknown}
 D - 2 potions of experience {unknown}


   Skills:
 + Level 6.9 Fighting
 * Level 8.1 Maces & Flails
 - Level 3.2 Armour
 - Level 4.0 Shields


You had 7 spell levels left.
You didn't know any spells.
Your spell library contained the following spells:

 Spells                   Type           Power      Damage    Failure   Level
 Static Discharge         Conj/Air       0%         2-2/arc   90%         2
 Ignite Poison            Fire/Tmut/Pois 0%         N/A       99%         3
 Sticky Flame             Conj/Fire      0%         2d3       100%        4
 Conjure Ball Lightning   Conj/Air       0%         3x3d6     100%        6
 Ignition                 Fire           0%         3d3       100%        8


Dungeon Overview and Level Annotations

Branches:
Dungeon (6/15)
 Temple: D:4-7

Altars:
Okawaru
Xom
Yredelemnul
The Shining One

Annotations:
D:6 Dowan, Duvessa


Innate Abilities, Weirdness & Mutations

You cannot be hasted, slowed, berserked, paralysed or teleported.
You can dig through walls and to a lower floor.
You have a pair of large antennae on your head. (SInv)
Your four strong arms can wield two-handed weapons with a shield.


Message History

The ufetubus barely misses you. You block the ufetubus's attack.
Dowan, Brother of Duvessa comes into view.
He is wielding a +0 dagger.
Found a scroll labelled GEIR ACOXZU.
As you read the scroll labelled ASATAU RIZIWUXER, it crumbles to dust.
It is a scroll of identify.
t - 3 potions of resistance The ufetubus hits you but does no damage.
The ufetubus closely misses you.
The ufetubus hits you but does no damage. x2
Okay, then.
Okay, then.
Unknown command.
You feel much better. The ufetubus closely misses you.
The ufetubus hits you but does no damage.
The ufetubus attacks as you move away! The ufetubus hits you.
The ufetubus closely misses you. The scorpion stings you.
You are poisoned.
The scorpion poisons you! You block the ufetubus's attack.
The ufetubus hits you but does no damage.
The ufetubus attacks as you move away!
The ufetubus hits you but does no damage. x2
You feel very sick. The scorpion stings you.
A steam dragon comes into view.
You feel sick.
The steam dragon hisses angrily.
The scorpion stings you but does no damage.
You feel sick. The steam dragon breathes steam at you.
The ball of steam hits you.
* * * LOW HITPOINT WARNING * * *
The scorpion closely misses you.
You hear a shout!
You feel sick.
You feel sick.
The ufetubus is engulfed in a cloud of scalding steam.
The ufetubus dies!
The steam dragon breathes steam at you. The ball of steam hits you!!
You die...

.........................
#................)..$...
#..............#.....
##.....{....###.#.....
#...l##.#{..# ###.##..
..##..eo####..########.{{
......eO.## #..###..#.##oo
.....§.§§s# #...........##
.....§§.§@##....lo.#......
.....§§§?.###...#####.###.
....D§....# #.... #.# ^
..........#...##.. #..
..........#...# #.. #...
............. .. ..###
..........## .. ...
.........


You could see Duvessa, an ogre, Dowan, a scorpion, an iguana and an orc wizard.

Vanquished Creatures
  Sigmund (D:3)
  3 black bears (D:5)
  An ogre (D:6)
  2 scorpions (D:3)
  3 jellies
  3 hounds (D:5)
  A sleepcap (D:5)
  Jessica (D:2)
  An iguana (D:4)
  2 orc wizards (D:4)
  3 gnolls
  5 adders
  2 ufetubi (D:5)
  2 worms (D:3)
  3 dart slugs
  4 orcs
  8 ball pythons
  6 endoplasms
  5 giant cockroaches
  10 hobgoblins
  3 jackals (D:3)
  3 quokkas
  5 bats
  4 goblins
  2 kobolds
  8 rats
91 creatures vanquished.

Vanquished Creatures (others)
  An ufetubus (D:6)
1 creature vanquished.

Grand Total: 92 creatures vanquished

Notes
Turn   | Place    | Note
-------+----------+-------------------------------------------
     0 | D:1      | cforsyth the Formicid Fighter began the quest for the Orb.
     0 | D:1      | Reached XP level 1. HP: 18/18 MP: 1/1
   135 | D:1      | Reached XP level 2. HP: 23/24 MP: 2/2
   728 | D:1      | Reached skill level 3 in Maces & Flails
   728 | D:1      | Reached XP level 3. HP: 3/30 MP: 3/3
  1221 | D:2      | Noticed Jessica
  1234 | D:2      | Killed Jessica
  1235 | D:2      | Reached XP level 4. HP: 2/37 MP: 4/4
  2272 | D:2      | Reached skill level 4 in Maces & Flails
  2308 | D:2      | Reached XP level 5. HP: 42/42 MP: 5/5
  2438 | D:2      | Identified the +0 dagger "Bedev" {pain, rF+ Will- Dex+5}
  2791 | D:3      | Found an iron altar of Okawaru.
  2910 | D:3      | Found a glowing golden altar of the Shining One.
  3233 | D:3      | Reached XP level 6. HP: 47/49 MP: 6/6
  3240 | D:3      | Got the Tome of Concussion
  3313 | D:3      | Noticed Sigmund
  3331 | D:3      | Killed Sigmund
  3332 | D:3      | Reached skill level 5 in Fighting
  3332 | D:3      | Reached skill level 5 in Maces & Flails
  3866 | D:4      | Reached XP level 7. HP: 56/56 MP: 7/7
  4021 | D:3      | Reached skill level 6 in Maces & Flails
  4859 | D:5      | Entered Level 5 of the Dungeon
  5122 | D:5      | Reached skill level 7 in Maces & Flails
  5122 | D:5      | Reached XP level 8. HP: 60/64 MP: 8/8
  5150 | D:5      | Found a shimmering altar of Xom.
  5153 | D:5      | Found a basalt altar of Yredelemnul.
  5734 | D:6      | Reached skill level 8 in Maces & Flails
  5877 | D:6      | HP: 2/65 [ufetubus (3)]
  5880 | D:6      | Noticed Duvessa
  5881 | D:6      | Noticed Dowan
  5889 | D:6      | Killed from afar by a steam dragon

Illustrated notes

Levels and vault maps discovered:
D:1:      dpeg_arrival_signposts, layout_loops_ring
D:2:      minmay_spotlight, layout_basic, uniq_jessica
D:3:      layout_basic, mainiacjoe_overflow_surrounded_room,
          mainiacjoe_overflow_boulevard, uniq_sigmund
D:4:      layout_basic
D:5:      layout_loops_ring, chequers_temple_overflow_statue_of_worship
D:6:      layout_cave_pools, gammafunk_ghost_necromancy,
          minmay_misc_feat_encased, uniq_menkaure, uniq_duvessa

Skill      XL: |  1  2  3  4  5  6  7  8 |
---------------+-------------------------+-----
Maces & Flails | 3 4 5 7 8 |  8.1
Fighting       | 4 5 6 |  6.9
Armour         | |  3.2
Shields        | |  4.0

Action                     |  1- 3 |  4- 6 |  7- 9 || total
---------------------------+-------+-------+-------++-------
  Melee: Flail             |    66 |   144 |   149 ||   359
    Use: Scroll            |       |       |     1 ||     1
         Potion            |       |       |     1 ||     1
 Armour: Scale mail        |    17 |    66 |   125 ||   208
  Dodge: Dodged            |    27 |    78 |   127 ||   232
         Repelled          |       |     1 |       ||     1
  Block: Buckler           |    18 |    44 |    65 ||   127

Table legend: (Time is in decaauts)
 A = Elapsed time spent in this place.
 B = Non-inter-level travel time spent in this place.
 C = Inter-level travel time spent in this place.
 D = Time resting spent in this place.
 E = Time spent auto-exploring this place.
 F = Levels seen in this place.
 G = Mean time per level.
                   A        B        C        D        E       F      G
               +--------+--------+--------+--------+--------+-----+--------+
         Total |   5957 |   5794 |    163 |   1078 |   3763 |   6 |  992.8 |
       Dungeon |   5957 |   5794 |    163 |   1078 |   3763 |   6 |  992.8 |
               +--------+--------+--------+--------+--------+-----+--------+

Top non-repeatable levels by time:
     D:1: 1485 daAuts
     D:2: 1340 daAuts
     D:3: 1110 daAuts
     D:4: 987 daAuts
     D:5: 853 daAuts
     D:6: 180 daAuts
